 Dungeon Crawl Stone Soup version 0.29-a0-998-g1987434951 (webtiles) character file.

Game seed: 10131484184013885722

86 IdlyInterested the Poker (level 4, 0/33 HPs)
             Began as a Demonspawn Gladiator on Aug 5, 2022.
             Slain by a gnoll
             ... wielding a +0 club
              (4 damage)
             ... on level 3 of the Dungeon.
             The game lasted 00:05:15 (2992 turns).

IdlyInterested the Poker (Demonspawn Gladiator)     Turns: 2992, Time: 00:05:15

Health: 0/33       AC:  6    Str: 15    XL:     4   Next: 26%
Magic:  2/4        EV: 11    Int: 11    God:
Gold:   133        SH:  4    Dex: 14    Spells: 2/3 levels left

rFire   . . .      SeeInvis .   a - +0 trident
rCold   . . .      Faith    .   (no shield)
rNeg    . . .      Spirit   .   f - +0 ring mail
rPois   .          Reflect  .   c - +0 helmet
rElec   .          Harm     .   (no cloak)
rCorr   .          Rampage  .   (no gloves)
Will    .....                   (no boots)
Stlth   +.........              (no amulet)
HPRegen 0.11/turn               (no ring)
MPRegen 0.09/turn               (no ring)

@: very slightly contaminated
A: large bone plates 1, demonic magic 1
a: no special abilities


You were on level 3 of the Dungeon.
You visited 1 branch of the dungeon, and saw 3 of its levels.

You collected 133 gold pieces.

Inventory:

Hand Weapons
 a - a +0 trident (weapon)
 r - the +8 demon trident "Rift" {distort, reach+}
   (You found it on level 2 of the Dungeon)

   It warps and distorts space around it, and may blink, banish, or inflict
   extra damage upon those it strikes.
   Unwielding it can cause banishment or high damage.
   It can reach especially far, and its reaching attacks ignore other creatures
   in the way.
Missiles
 d - 3 throwing nets
 e - a javelin
 u - 5 poisoned darts
 v - 2 boomerangs
Armour
 b - a +0 leather armour
 c - a +0 helmet (worn)
 f - a +0 ring mail (worn)
Scrolls
 i - 3 scrolls of fog {unknown}
 j - 2 scrolls of poison {unknown}
 k - a scroll of amnesia {unknown}
 l - a scroll of magic mapping {unknown}
 n - 2 scrolls of immolation {unknown}
 o - a scroll of enchant armour {unknown}
 p - a scroll of identify {unknown}
 q - 2 scrolls of vulnerability {unknown}
 s - 4 scrolls of teleportation {unknown}
Potions
 g - a potion of magic {unknown}
 h - 2 potions of ambrosia {unknown}
 m - 2 potions of haste {unknown}
 t - a potion of degeneration {unknown}


   Skills:
 - Level 2.0 Fighting
 * Level 4.1 Polearms
 - Level 1.7 Throwing
 + Level 1.8 Armour
 - Level 2.6 Dodging


You had 2 spell levels left.
You knew the following spells:

 Your Spells              Type           Power      Damage    Failure   Level
a - Apportation           Tloc           0%         N/A       56%         1

Your spell library contained the following spells:

 Spells                   Type           Power      Damage    Failure   Level
 Ensorcelled Hibernation  Hex/Ice        0%         N/A       71%         2
 Frozen Ramparts          Ice            0%         1d8       90%         3
 Spider Form              Tmut/Pois      0%         N/A       90%         3
 Anguish                  Hex/Necr       0%         N/A       100%        4
 Ice Form                 Ice/Tmut       0%         N/A       100%        4
 Summon Ice Beast         Ice/Summ       0%         N/A       100%        4
 Alistair's Intoxication  Tmut/Pois      0%         N/A       100%        5


Dungeon Overview and Level Annotations

Branches:
Dungeon (3/15)

Altars:


Innate Abilities, Weirdness & Mutations

You are partially covered in large bone plates. (SH +4)
Spells you cast may paralyse adjacent enemies.


Message History

You puncture the gnoll!
You kill the gnoll!
You start resting.
A gnoll comes into view. It is wielding a +0 club.
The gnoll shouts!
You hear a shout!
Things that are here:
a +1 flail of holy wrath; a +0 flail; a gnoll corpse Reach: a) +0 trident
Press: ? - help, Dir - move target, f - gnoll
Aim: a gnoll, wielding a +0 club (about 36% to evade your +0 trident)
You reach to attack!
You hit the gnoll but do no damage.
Aiming: Apportation (safe; 56% risk of failure)
Press: ? - help, Q - select action, (/) - cycle Dir - move target, f/p - gnoll Apport: a +0 flail You miscast Apportation.
You are very lightly contaminated with residual magic.
Nothing appears to happen.
You block the gnoll's attack.
Aiming: Apportation (safe; 56% risk of failure)
Press: ? - help, Q - select action, (/) - cycle Dir - move target, f/p - gnoll Apport: a +0 flail Yoink!
You pull the item towards yourself.
Malevolent energies surge around you.
The gnoll suddenly stops moving!
The helpless gnoll fails to defend itself.
You puncture the gnoll!
The gnoll is almost dead.
The helpless gnoll fails to defend itself.
You hit the gnoll but do no damage.
The gnoll is almost dead.
The gnoll is no longer paralysed.
The gnoll hits you with a +0 club.
* * * LOW HITPOINT WARNING * * *
You hit the gnoll but do no damage.
The gnoll is almost dead.
The gnoll hits you with a +0 club.
* * * LOW HITPOINT WARNING * * *
You completely miss the gnoll.
The gnoll is almost dead.
The gnoll hits you with a +0 club.
You die...

.#.
##...###########.####
.... ##.....## #.#
...#. #....†..## ##.#
.....
#.........####...#.#
.....
+.........'........#
.....
#.........###.......
.#.
##.......#......##.#
##.....##.##.#.#
##..^###@# ..... #g#
###.# #)# #. #.# #..
###


You could see a gnoll.

Vanquished Creatures
  4 gnolls (D:3)
  2 worms (D:2)
  3 dart slugs
  A bat (D:2)
  3 endoplasms
  A giant cockroach (D:1)
  2 hobgoblins (D:2)
  3 jackals (D:2)
  2 quokkas (D:1)
  6 ball pythons
  A frilled lizard (D:2)
  5 goblins
  A kobold (D:1)
  3 rats
37 creatures vanquished.

Notes
Turn   | Place    | Note
-------+----------+-------------------------------------------
     0 | D:1      | IdlyInterested the Demonspawn Gladiator began the quest for
                  | the Orb.
     0 | D:1      | Reached XP level 1. HP: 16/16 MP: 1/1
   263 | D:1      | Found a faded altar of an unknown god.
   393 | D:1      | Reached skill level 3 in Polearms
   564 | D:1      | Gained mutation: Spells you cast may paralyse adjacent
                  | enemies. [demonic ancestry]
   564 | D:1      | Reached XP level 2. HP: 22/22 MP: 2/2
   566 | D:1      | Learned a level 1 spell: Apportation
  1461 | D:2      | Reached skill level 1 in Armour
  1753 | D:2      | Reached XP level 3. HP: 11/27 MP: 3/3
  2324 | D:2      | Found the +8 demon trident "Rift" {distort, reach+}
  2961 | D:3      | Reached skill level 4 in Polearms
  2961 | D:3      | Gained mutation: You are partially covered in large bone
                  | plates. (SH +4) [demonic ancestry]
  2961 | D:3      | Reached XP level 4. HP: 15/33 MP: 4/4
  2992 | D:3      | Slain by a gnoll

Illustrated notes

Levels and vault maps discovered:
D:1:      co_arrival_random_square_maze, layout_loops_corners,
          chequers_ecumenical_altar_simple, hangedman_decor_diamond_cutter
D:2:      layout_loops_corners
D:3:      layout_loops_corners, dreamdust_princess_bridge, uniq_natasha

Skill      XL: |  1  2  3 |
---------------+----------+-----
Polearms       | 3 4 |  4.1
Armour         | 1 |  1.8
Fighting       | |  2.0
Throwing       | |  1.7
Dodging        | |  2.6

Action                   |  1- 3 |  4- 6 || total
-------------------------+-------+-------++-------
Melee: Trident           |   124 |     9 ||   133
       Punch             |     1 |       ||     1
 Cast: Apportation       |       |     1 ||     1
 Stab: Paralysed         |       |     2 ||     2
Armor: Ring mail         |    24 |     1 ||    25
Dodge: Dodged            |    55 |       ||    55
Block: Other             |       |     1 ||     1

Table legend: (Time is in decaauts)
 A = Elapsed time spent in this place.
 B = Non-inter-level travel time spent in this place.
 C = Inter-level travel time spent in this place.
 D = Time resting spent in this place.
 E = Time spent auto-exploring this place.
 F = Levels seen in this place.
 G = Mean time per level.
                   A        B        C        D        E       F      G
               +--------+--------+--------+--------+--------+-----+--------+
         Total |   3010 |   2645 |    365 |    600 |   1648 |   3 | 1003.3 |
       Dungeon |   3010 |   2645 |    365 |    600 |   1648 |   3 | 1003.3 |
               +--------+--------+--------+--------+--------+-----+--------+

Top non-repeatable levels by time:
     D:2: 1487 daAuts
     D:1: 1366 daAuts
     D:3: 157 daAuts
